 Dungeon Crawl Stone Soup version 0.26-a0-259-g1effd001a9 (webtiles) character file.

Game seed: 1859303985533970866

155 vurker the Skirmisher (level 5, -3/42 HPs)
             Began as a Demonspawn Brigand on July 17, 2020.
             Was a Priest of Jiyva.
             Slain by a gnoll
             ... wielding a +0 halberd
              (6 damage)
             ... on level 4 of the Dungeon.
             The game lasted 00:03:33 (3329 turns).

vurker the Skirmisher (Demonspawn Brigand)          Turns: 3329, Time: 00:03:34

Health: -3/42      AC: 11    Str: 13    XL:     5   Next: 14%
Magic:  5/5        EV:  5    Int: 12    God:    Jiyva [***...]
Gold:   94         SH:  0    Dex: 14    Spells: 4/4 levels left

rFire    + . .     SeeInvis .   b - +4 quarterstaff (chaos)
rCold    . . .     Faith    .   (shield currently unavailable)
rNeg     . . .     Spirit   .   k - +0 chain mail
rPois    .         Reflect  .   (helmet restricted)
rElec    .         Harm     .   n - +2 cloak
rCorr    +                      (no gloves)
MR       .....                  (no boots)
Stlth    ..........             (no amulet)
HPRegen  0.14/turn              (no ring)
MPRegen  0.09/turn              (no ring)

@: no status effects
A: claws 1, horns 1, fire resistance 1
a: Request Jelly, Renounce Religion


You were on level 4 of the Dungeon.
You worshipped Jiyva.
Jiyva was most pleased with you.
You were not hungry.

You visited 1 branch of the dungeon, and saw 4 of its levels.

You collected 94 gold pieces.

Inventory:

Hand Weapons
 b - a +4 quarterstaff of chaos (weapon)
   (You took it off Crazy Yiuf on level 2 of the Dungeon)
 l - a +2 dagger of freezing
   (You took it off a goblin on level 2 of the Dungeon)
Missiles
 d - 8 poisoned darts (quivered)
 f - 2 curare-tipped darts
Armour
 k - a +0 chain mail (worn)
   (You found it on level 2 of the Dungeon)
 n - a +2 cloak (worn)
   (You took it off Crazy Yiuf on level 2 of the Dungeon)
Scrolls
 a - 3 scrolls of enchant weapon {unknown}
 c - a scroll of blinking {unknown}
 i - a scroll of identify
 j - 2 scrolls of enchant armour
 m - 2 scrolls of remove curse
Potions
 g - 3 potions of might {unknown}
 h - a potion of resistance {unknown}
 o - a potion of invisibility {unknown}
 p - a potion of cancellation {unknown}
Comestibles
 e - 3 rations


   Skills:
 + Level 4.0 Fighting
 - Level 1.7 Short Blades
 + Level 3.6 Throwing
 - Level 0.8 Dodging
 - Level 3.6 Stealth
 * Level 0.2 Unarmed Combat


You had 4 spell levels left.
You didn't know any spells.
Your spell library was empty.

Dungeon Overview and Level Annotations

Branches:
Dungeon (4/15)
 Temple: D:4-7

Altars:
Dithmenos
Okawaru
The Shining One
Jiyva


Innate Abilities, Weirdness & Mutations

You have sharp fingernails.
You have a pair of small horns on your head.
Your flesh is heat resistant. (rF+)


Message History

The gnoll hits you with a +0 flail.
A gnoll comes into view. It is wielding a -2 whip.
Your chain mail prevents you from hitting the gnoll.
The gnoll shouts!
You headbutt the gnoll, but do no damage.
A gnoll comes into view. It is wielding a +0 halberd.
The gnoll hits you with a +0 flail!
You barely miss the gnoll. The gnoll hits you with a +0 flail.
You closely miss the gnoll. The gnoll hits you with a +0 flail.
The gnoll hits you but does no damage.
You scratch the gnoll. The gnoll hits you but does no damage.
You scratch the gnoll.
You headbutt the gnoll, but do no damage.
The gnoll hits you from afar with a +0 halberd.
You see here a pair of boots.
Your +4 quarterstaff of chaos is briefly surrounded by a scintillating aura of random colours.
b - a +4 quarterstaff of chaos (weapon)
The gnoll closely misses you.
The gnoll hits you from afar with a +0 halberd!
* * * LOW HITPOINT WARNING * * *
You barely miss the gnoll. The gnoll hits you but does no damage.
You sock the gnoll!
You kill the gnoll!
The gnoll hits you from afar with a +0 halberd.
* * * LOW HITPOINT WARNING * * *
You closely miss the gnoll. The gnoll barely misses you.
The gnoll hits you from afar with a +0 halberd!
* * * LOW HITPOINT WARNING * * *
The gnoll hits you but does no damage.
You aren't carrying any items that you can evoke.
Unknown command.
Okay, then.
You see here a pair of boots.
A hound comes into view.
The hound barks!
The hound bites you but does no damage. The hound bites you.
* * * LOW HITPOINT WARNING * * *
You miss the hound. The hound bites you but does no damage.
The hound barely misses you. The gnoll barely misses you.
You completely miss the hound. The hound bites you but does no damage.
The hound bites you.
* * * LOW HITPOINT WARNING * * *
The gnoll hits you with a cursed -2 whip.
* * * LOW HITPOINT WARNING * * *
The hound closely misses you.
You completely miss the hound. Your headbutt misses the hound.
The hound bites you but does no damage.
The gnoll hits you from afar with a +0 halberd.
You die...

.....###.........
#.............
#####.#####.#. ##...####
# ##.......# #########
#......#.# #....g..#
#......#.# #.#####.#
#.........
###.#####)######@.......#
....g..#..g..[.#h.......#
###.#.....#....gg..#.##.#
#.#.#...).##.##..#.....
#.......####.##.......#
######.... ..##..#.##.#
##########......
#....##.# #..#.. .


You could see a hound and 2 gnolls.

Vanquished Creatures
  Crazy Yiuf (D:2)
  A hound (D:4)
  Jessica (D:2)
  A gnoll (D:4)
  2 worms
  3 dart slugs
  2 leopard geckos (D:2)
  2 orcs
  2 giant cockroaches (D:1)
  4 goblins
  7 hobgoblins
  8 kobolds
  A quokka (D:2)
  A ball python (D:1)
  7 bats
  2 frilled lizards (D:2)
  4 rats
49 creatures vanquished.

Vanquished Creatures (others)
  A kobold (D:2)
  A bat (D:3)
  2 frilled lizards (D:3)
4 creatures vanquished.

Grand Total: 53 creatures vanquished

Notes
Turn   | Place    | Note
-------+----------+-------------------------------------------
     0 | D:1      | vurker the Demonspawn Brigand began the quest for the Orb.
     0 | D:1      | Reached XP level 1. HP: 16/16 MP: 1/1
   341 | D:1      | Gained mutation: You have a pair of small horns on your
                  | head. [demonic ancestry]
   341 | D:1      | Reached XP level 2. HP: 23/23 MP: 2/2
   910 | D:1      | Found a glowing golden altar of the Shining One.
  1188 | D:2      | Found a runed translucent door.
  1189 | D:2      | Noticed Crazy Yiuf
  1220 | D:2      | Reached XP level 3. HP: 28/28 MP: 3/3
  1258 | D:2      | Reached skill level 3 in Fighting
  1483 | D:2      | Found a faded altar of an unknown god.
  1572 | D:2      | Became a worshipper of Jiyva Jail the Shapeless
  1572 | D:2      | Reached * piety under Jiyva
  1625 | D:2      | Reached ** piety under Jiyva
  1844 | D:2      | Noticed Jessica
  1848 | D:2      | Killed Jessica
  1848 | D:2      | Gained mutation: Your flesh is heat resistant. (rF+)
                  | [demonic ancestry]
  1848 | D:2      | Reached XP level 4. HP: 32/35 MP: 4/4
  2051 | D:2      | Killed Crazy Yiuf
  3001 | D:3      | Reached *** piety under Jiyva
  3109 | D:3      | Found an iron altar of Okawaru.
  3119 | D:3      | Found a shadowy altar of Dithmenos.
  3278 | D:4      | Reached skill level 4 in Fighting
  3278 | D:4      | Gained mutation: You have sharp fingernails. [demonic
                  | ancestry]
  3278 | D:4      | Reached XP level 5. HP: 42/42 MP: 5/5
  3329 | D:4      | Slain by a gnoll

Illustrated notes

Levels and vault maps discovered:
D:1:      dpeg_arrival_oval, layout_loops_ring, tso_metal_star
D:2:      layout_rooms, chequers_ecumenical_altar_simple_redux,
          minmay_misc_feat_encased, uniq_jessica, uniq_crazy_yiuf_cottage
D:3:      layout_loops_corners, amethyst_overflow_temple_binary, first_ration,
          minivault_27
D:4:      layout_loops_cross, chequers_temple_overflow_minitemple

Skill      XL: |  1  2  3  4 |
---------------+-------------+-----
Throwing       | 2 3 |  3.6
Fighting       | 3 4 |  4.0
Short Blades   | |  1.7
Dodging        | |  0.8
Stealth        | |  3.6
Unarmed Combat | |  0.2

Action                   |  1- 3 |  4- 6 || total
-------------------------+-------+-------++-------
Melee: Dagger            |   108 |    15 ||   123
       Headbutt          |     7 |     7 ||    14
       Quarterstaff      |       |    19 ||    19
       Unarmed           |       |     5 ||     5
  Use: Scroll            |     5 |       ||     5
 Stab: Sleeping          |     7 |       ||     7
  Eat: Ration            |     1 |       ||     1
Armor: Robe              |    15 |     4 ||    19
       Chain mail        |       |    14 ||    14
Dodge: Dodged            |    58 |    18 ||    76

Table legend:
 A = Non-vault XP
 B = Vault XP
 C = Vault XP percentage of total XP
 D = Non-vault monster count
 E = Vault monster count
 F = Vault count percentage of total count
                 A         B        C        D         E       F
            +---------+---------+-------+---------+---------+-------
      Total |     144 |      78 |  35.1 |      47 |       2 |   4.1
            +---------+---------+-------+---------+---------+-------
        D:1 |      34 |       0 |   0.0 |      19 |       0 |   0.0
        D:2 |      40 |      78 |  66.1 |      19 |       2 |   9.5
        D:3 |       9 |       0 |   0.0 |       5 |       0 |   0.0
        D:4 |      61 |       0 |   0.0 |       4 |       0 |   0.0
            +---------+---------+-------+---------+---------+-------
